 Dungeon Crawl Stone Soup version 0.31-a0-188-g5e087ee2ca (webtiles) character file.

Game seed: 10134444534578379922

33 qw the Shooter (level 3, -1/20 HPs)
             Began as a Deep Elf Hunter on June 22, 2023.
             Succumbed to their own poison gas
             ... on level 1 of the Dungeon.
             The game lasted 00:00:21 (521 turns).

qw the Shooter (Deep Elf Hunter)                     Turns: 521, Time: 00:00:22

Health: -1/20      AC:  7    Str: 10    XL:     3   Next: 12%
Magic:  5/5        EV: 11    Int: 13    God:
Gold:   114        SH:  0    Dex: 18    Spells: 2/2 levels left

rFire   . . .        Y - +0 shortbow
rCold   . . .        (shield currently unavailable)
rNeg    . . .        d - +0 ring mail
rPois   .            (no helmet)
rElec   .            (no cloak)
rCorr   .            e - +1 pair of gloves
SInv    .            (no boots)
Will    .....        (no amulet)
Stlth   +            (no ring)
HPRegen 0.23/turn    (no ring)
MPRegen 0.09/turn

%: no passive effects
@: lethally poisoned (-1 -> -6)
A: no striking features
a: no special abilities


You were on level 1 of the Dungeon.
You visited 1 branch of the dungeon, and saw 1 of its levels.

You collected 114 gold pieces.


   Skills:
 - Level 1.5 Fighting
 + Level 6.7 Ranged Weapons
 - Level 2.4 Dodging
 - Level 1.2 Stealth


You had 2 spell levels left.
You didn't know any spells.
Your spell library was empty.

Inventory:

Hand Weapons
 Y - a +0 shortbow (weapon)
Armour
 d - a +0 ring mail (worn)
 e - a +1 pair of gloves (worn)
Scrolls
 a - a scroll of teleportation
Potions
 f - a potion of enlightenment {unknown}

Dungeon Overview and Level Annotations

Branches:
Dungeon (1/15)

Altars:


Message History

As you read the scroll labelled ZEXU YCVOO, it crumbles to dust.
You feel strangely unstable.
It was a scroll of teleportation.
You start waiting.
Your surroundings suddenly seem different.
Done exploring.
515 ||| READING scroll labelled CASIMU YBEEN.
The air fills with toxic fumes!
As you read the scroll labelled CASIMU YBEEN, it crumbles to dust.
It was a scroll of poison.
Done exploring.
516 ||| DROPPING scroll of butterflies.
You drop a scroll of butterflies.
Done exploring.
(D) Dungeon
Where to? (* - list waypoints, ? - help)
What level of the Dungeon? (default 1, ? - help) Sorry, I don't know how to get there.
Enter note:
Enter note:
Enter note:
Enter note:
Enter note:
Enter note:
Enter note:
Enter note:
Enter note:
Enter note:
Enter note:
Enter note: Really walk into that cloud of poison gas?
You are engulfed in poison gas.
You are poisoned.
You feel very sick.
518 ||| Stepping ~*~*~tactically~*~*~ (cloud).
You feel very sick.
You see here a scroll of butterflies.
There is a lethal amount of poison in your body!
You feel sick.
There is a lethal amount of poison in your body!
You feel sick.
There is a lethal amount of poison in your body!
You die...

#.#####.........#.#.....###..
#.#...####.##...#.#......##..
#.....# #......#¤#.......+..
#.....####...###¤..###...#...
#......¤¤¤..#..0#.#...#.....#
#.#>....0¤###.0.#.#...###...#
#.#.#....#¤¤#¤..#.#...#.%#...
#.....#..#¤0¤###...###...#.#.
#....##..#¤¤@¤¤#...#.....#.#.
#....##.¤¤###¤¤¤###...###....
#####....'¤¤.#...#00¤¤¤..#...#...
.........###.#...###¤¤¤###...#.##
......)..###.#...#..#¤#..#...#...
........###...###...#.#...###....
........# #...#.....#.#.....#....
........# ####...###...###)..###.
........# #.....#...#.#...#......


There were no monsters in sight!

Vanquished Creatures
  A dart slug (D:1)
  4 endoplasms (D:1)
  3 giant cockroaches (D:1)
  4 goblins (D:1)
  A hobgoblin (D:1)
  4 kobolds (D:1)
  A quokka (D:1)
  3 ball pythons (D:1)
  3 bats (D:1)
  A frilled lizard (D:1)
  3 rats (D:1)
28 creatures vanquished.

Notes
Turn   | Place    | Note
-------+----------+-------------------------------------------
     0 | D:1      | qw the Deep Elf Hunter began the quest for the Orb.
     0 | D:1      | Reached XP level 1. HP: 12/12 MP: 3/3
     0 | D:1      | 0 ||| qw: Version: 0.3-a-9-g12657ce
     0 | D:1      | 0 ||| qw: Game counter: 2892
     0 | D:1      | 0 ||| qw: Always use a shield: true
     0 | D:1      | 0 ||| qw: God list: Okawaru
     0 | D:1      | 0 ||| qw: Allow faded altars: false
     0 | D:1      | 0 ||| qw: Do Orc after D:15 true
     0 | D:1      | 0 ||| qw: Do second Lair branch before Depths: true
     0 | D:1      | 0 ||| qw: Lair rune preference: random
     0 | D:1      | 0 ||| qw: Plans: Normal
     0 | D:1      | 0 ||| PLANNING D:1-11
    20 | D:1      | 20 ||| READING scroll labelled ERIYRE ITHRAME.
    89 | D:1      | Reached XP level 2. HP: 16/16 MP: 4/4
    91 | D:1      | Reached skill level 6 in Ranged Weapons
   312 | D:1      | Reached XP level 3. HP: 20/20 MP: 5/5
   476 | D:1      | 476 ||| UPGRADING to +0 ring mail.
   492 | D:1      | 492 ||| DROPPING +0 leather armour.
   493 | D:1      | 493 ||| UPGRADING to +1 pair of gloves.
   510 | D:1      | 510 ||| READING 2 scrolls labelled ZEXU YCVOO.
   515 | D:1      | 515 ||| READING scroll labelled CASIMU YBEEN.
   516 | D:1      | 516 ||| DROPPING scroll of butterflies.
   518 | D:1      | 518 ||| Stepping ~*~*~tactically~*~*~ (cloud).
   518 | D:1      | HP: 5/20 [poisoned by you (poison gas)]
   520 | D:1      | HP: 1/20 [poisoned by you (poison gas)]
   521 | D:1      | Succumbed to their own poison gas

Levels and vault maps discovered:
D:1:      roderic_crop_circles_arrival_small, layout_basic, st_stairs_14,
          nicolae_titane

Skill      XL: |  1  2 |
---------------+-------+-----
Ranged Weapons | 6 |  6.7
Fighting       | |  1.5
Dodging        | |  2.4
Stealth        | |  1.2

Action                     || total
---------------------------++-------
   Fire: Shortbow          ||    62
    Use: Scroll            ||     3
 Armour: Leather armour    ||     1
  Dodge: Dodged            ||    11

Table legend:
 A = Non-vault XP
 B = Vault XP
 C = Vault XP percentage of total XP
 D = Non-vault monster count
 E = Vault monster count
 F = Vault count percentage of total count
                 A         B        C        D         E       F
            +---------+---------+-------+---------+---------+-------
      Total |      45 |       3 |   6.2 |      26 |       2 |   7.1
            +---------+---------+-------+---------+---------+-------
        D:1 |      45 |       3 |   6.2 |      26 |       2 |   7.1
            +---------+---------+-------+---------+---------+-------
